 Dungeon Crawl Stone Soup version 0.24-a0-462-ge24419a6ad (console) character file.

Game seed: 6311389986778788675

228 Lexodia the Basher (level 6, -5/50 HPs)
             Began as a Gnoll Wanderer on July 1, 2019.
             Was an Initiate of Cheibriados.
             Slain by Blork the orc
             ... wielding a +0 battleaxe
              (18 damage)
             ... on level 4 of the Dungeon.
             The game lasted 00:06:13 (2482 turns).

Lexodia the Basher (Gnoll Wanderer)                 Turns: 2482, Time: 00:06:13

Health: -5/50      AC:  2    Str: 13    XL:     6   Next: 2%
Magic:  8/8        EV: 13    Int: 18    God:    Cheibriados [......]
Gold:   171        SH:  0    Dex: 17    Spells: 2/8 levels left

rFire    . . .     SeeInvis .   s - +2 falchion (elec)
rCold    . . .     Gourm    .   (no shield)
rNeg     . . .     Faith    .   e - +0 robe
rPois    .         Spirit   .   (no helmet)
rElec    .         Reflect  .   (no cloak)
rCorr    .         Harm     .   (no gloves)
MR       .....                  (no boots)
Stlth    ++........             m - amulet of regeneration
HPRegen  0.56/turn              (no ring)
MPRegen  0.11/turn              (no ring)

@: very slow
A: distributed training, fangs 1, strong nose
a: Bend Time, Renounce Religion


You were on level 4 of the Dungeon.
You worshipped Cheibriados.
Cheibriados was noncommittal.
You were very hungry.

You visited 1 branch of the dungeon, and saw 4 of its levels.

You collected 171 gold pieces.

Inventory:

Hand Weapons
 r - a +0 whip
 s - a +2 falchion of electrocution (weapon)
Missiles
 b - 4 curare-tipped darts
 i - 12 poisoned darts
 j - 90 stones (quivered)
Armour
 e - a +0 robe (worn)
Jewellery
 m - an amulet of regeneration (around neck)
Scrolls
 a - a scroll of blinking {unknown}
 d - a scroll of fog {unknown}
 g - 3 scrolls of enchant weapon {unknown}
 k - 5 scrolls of identify
 l - 3 scrolls of teleportation {unknown}
 n - 3 scrolls of remove curse {unknown}
 o - a scroll of magic mapping {unknown}
Potions
 c - a potion of lignification
 p - a potion of magic
 q - a potion of agility
 t - 2 potions of heal wounds {unknown}
 u - a potion of curing {unknown}
 v - a potion of brilliance {unknown}
Comestibles
 f - 4 rations


   Skills:
 + Level 4.9 Fighting
 + Level 1.7 Short Blades
 + Level 1.7 Long Blades
 + Level 1.7 Axes
 + Level 8.7 Maces & Flails
 + Level 1.7 Polearms
 + Level 1.7 Staves
 + Level 1.7 Slings
 + Level 1.7 Bows
 + Level 1.7 Crossbows
 + Level 3.1 Throwing
 + Level 3.1 Armour
 + Level 3.1 Dodging
 + Level 1.7 Stealth
 + Level 3.1 Shields
 + Level 1.7 Unarmed Combat
 + Level 1.7 Spellcasting
 + Level 1.3 Conjurations
 + Level 1.3 Hexes
 + Level 1.3 Charms
 + Level 1.3 Summonings
 + Level 1.3 Necromancy
 + Level 1.3 Translocations
 + Level 1.3 Transmutations
 + Level 1.3 Fire Magic
 + Level 1.3 Ice Magic
 + Level 1.3 Air Magic
 + Level 1.3 Earth Magic
 + Level 1.3 Poison Magic
 + Level 1.9 Invocations
 + Level 1.7 Evocations


You had 2 spell levels left.
You knew the following spells:

 Your Spells              Type           Power        Failure   Level  Hunger
a - Beastly Appendage     Tmut           #.....       11%         1    #......
b - Sticks to Snakes      Tmut           #.......     16%         2    ###....
c - Spider Form           Tmut/Pois      #.........   32%         3    ###....

Your spell library contained the following spells:

 Spells                   Type           Power        Failure   Level  Hunger
 Ice Form                 Ice/Tmut       #.......     71%         4    #####..
 Blade Hands              Tmut           #.........   96%         5    ######.


Dungeon Overview and Level Annotations

Branches:
Dungeon (4/15)
 Temple: D:4-7

Altars:
Cheibriados
Qazlal

Annotations:
D:4 Blork the orc


Innate Abilities, Weirdness & Mutations

Your experience applies equally to all skills.
You have very sharp teeth.
Your uncanny sense of smell can sniff out nearby items.


Message History

The orc is lightly wounded.
The orc hits you with a +0 mace. Blork the orc casts a spell at you.
The puff of flame hits you!
* * * LOW HITPOINT WARNING * * *
Huge Dmg: -30%(-15hp) hp: 22%(11hp) Unknown command.
You hear the crackle of electricity.
s - a +2 falchion of electrocution (weapon)
You hit the orc but do no damage. Lightning courses through the orc!
You kill the orc!
Cheibriados thoroughly appreciates the change of pace.
You hit Blork the orc.
Lightning courses through Blork the orc!
Blork the orc is severely wounded.
Blork the orc misses you.
You completely miss Blork the orc.
Blork the orc is severely wounded.
Blork the orc hits you with a +0 battleaxe!!
You die...

####!###..# ∆
......#..###
#.#......$###
##............
...........#
#........#
#..<.....#
#o.......#
#@†......#
#))....####
#..#>...#
#o.......#
.....#....#
..#..##....#
...... ######
.##...


You could see Blork the orc and an orc.

Vanquished Creatures
  2 hounds
  3 gnolls (D:2)
  5 adders
  A worm (D:2)
  2 dart slugs
  2 leopard geckos
  10 orcs
  A ball python (D:2)
  8 bats
  6 giant cockroaches
  6 hobgoblins
  2 quokkas (D:3)
  3 frilled lizards
  10 goblins
  9 kobolds
  7 rats
77 creatures vanquished.

Notes
Turn   | Place    | Note
-------+----------+-------------------------------------------
     0 | D:1      | Lexodia the Gnoll Wanderer began the quest for the Orb.
     0 | D:1      | Lexodia set off with the following items: a +2 dagger, 4
                  | curare-tipped darts, a potion of lignification, a +0 mace,
                  | a +0 robe, a ration
     0 | D:1      | Reached XP level 1. HP: 20/20 MP: 1/1
   180 | D:1      | Reached XP level 2. HP: 21/26 MP: 2/2
   212 | D:1      | Huge Dmg: 5 dmg
   759 | D:2      | Reached XP level 3. HP: 31/31 MP: 3/3
   848 | D:2      | Found a stormy altar of Qazlal.
   976 | D:2      | Reached skill level 1 in Invocations
   992 | D:2      | Huge Dmg: 4 dmg
   992 | D:2      | Reached skill level 1 in Short Blades
   992 | D:2      | Reached skill level 1 in Long Blades
   992 | D:2      | Reached skill level 1 in Axes
   992 | D:2      | Reached skill level 1 in Polearms
   992 | D:2      | Reached skill level 1 in Staves
   992 | D:2      | Reached skill level 1 in Slings
   992 | D:2      | Reached skill level 1 in Bows
   992 | D:2      | Reached skill level 1 in Crossbows
   992 | D:2      | Reached skill level 1 in Stealth
   992 | D:2      | Reached skill level 1 in Unarmed Combat
   992 | D:2      | Reached skill level 1 in Spellcasting
   992 | D:2      | Reached skill level 1 in Evocations
  1001 | D:2      | Huge Dmg: 7 dmg
  1005 | D:2      | Huge Dmg: 3 dmg
  1006 | D:2      | Reached XP level 4. HP: 12/38 MP: 5/5
  1015 | D:2      | Huge Dmg: 4 dmg
  1109 | D:2      | Reached skill level 1 in Conjurations
  1109 | D:2      | Reached skill level 1 in Hexes
  1109 | D:2      | Reached skill level 1 in Charms
  1109 | D:2      | Reached skill level 1 in Summonings
  1109 | D:2      | Reached skill level 1 in Necromancy
  1109 | D:2      | Reached skill level 1 in Translocations
  1109 | D:2      | Reached skill level 1 in Transmutations
  1109 | D:2      | Reached skill level 1 in Fire Magic
  1109 | D:2      | Reached skill level 1 in Ice Magic
  1109 | D:2      | Reached skill level 1 in Air Magic
  1109 | D:2      | Reached skill level 1 in Earth Magic
  1109 | D:2      | Reached skill level 1 in Poison Magic
  1109 | D:2      | Reached XP level 5. HP: 36/43 MP: 6/6
  1183 | D:2      | Learned a level 1 spell: Beastly Appendage
  1186 | D:2      | Learned a level 2 spell: Sticks to Snakes
  1190 | D:2      | Learned a level 3 spell: Spider Form
  1294 | D:2      | Found a snail-covered altar of Cheibriados.
  2424 | D:2      | Became a worshipper of Cheibriados the Contemplative
  2473 | D:4      | Noticed Blork the orc
  2475 | D:4      | Reached XP level 6. HP: 25/50 MP: 8/8
  2479 | D:4      | Huge Dmg: 15 dmg
  2482 | D:4      | Slain by Blork the orc

Levels and vault maps discovered:
D:1:      evilmike_arrival_fibonacci_small, layout_basic
D:2:      layout_loops_cross, nicolae_overflow_hidden_temple,
          nicolae_qazlal_general_emergency, kennysheep_generic_room_10
D:3:      layout_loops_ring, first_ration
D:4:      layout_rooms, minitemple, grunt_gozag_statues, uniq_blork_the_orc

Skill      XL: |  1  2  3  4  5 |
---------------+----------------+-----
Invocations    | 1 |  1.9
Short Blades   | 1 |  1.7
Long Blades    | 1 |  1.7
Axes           | 1 |  1.7
Polearms       | 1 |  1.7
Staves         | 1 |  1.7
Slings         | 1 |  1.7
Bows           | 1 |  1.7
Crossbows      | 1 |  1.7
Stealth        | 1 |  1.7
Unarmed Combat | 1 |  1.7
Spellcasting   | 1 |  1.7
Evocations     | 1 |  1.7
Conjurations   | 1 |  1.3
Hexes          | 1 |  1.3
Charms         | 1 |  1.3
Summonings     | 1 |  1.3
Necromancy     | 1 |  1.3
Translocations | 1 |  1.3
Transmutations | 1 |  1.3
Fire Magic     | 1 |  1.3
Ice Magic      | 1 |  1.3
Air Magic      | 1 |  1.3
Earth Magic    | 1 |  1.3
Poison Magic   | 1 |  1.3
Throwing       | 3 |  3.1
Armour         | 3 |  3.1
Dodging        | 3 |  3.1
Shields        | 3 |  3.1
Fighting       | |  4.9
Maces & Flails | |  8.7

Action                   |  1- 3 |  4- 6 || total
-------------------------+-------+-------++-------
Melee: Mace              |    91 |    31 ||   122
       Bite              |     7 |    11 ||    18
       Punch             |       |     2 ||     2
       Whip              |       |    87 ||    87
       Falchion          |       |    31 ||    31
Throw: Stone             |     6 |     4 ||    10
  Use: Scroll            |       |     2 ||     2
 Stab: Sleeping          |     3 |     5 ||     8
  Eat: Chunk             |       |     4 ||     4
Armor: Robe              |    18 |    17 ||    35
Dodge: Dodged            |    56 |   103 ||   159
       Rpst.: Falchion   |       |     4 ||     4

Table legend:
 A = Non-vault XP
 B = Vault XP
 C = Vault XP percentage of total XP
 D = Non-vault monster count
 E = Vault monster count
 F = Vault count percentage of total count
                 A         B        C        D         E       F
            +---------+---------+-------+---------+---------+-------
      Total |     323 |       3 |   0.9 |      75 |       2 |   2.6
            +---------+---------+-------+---------+---------+-------
        D:1 |      31 |       1 |   3.1 |      17 |       1 |   5.6
        D:2 |     162 |       2 |   1.2 |      26 |       1 |   3.7
        D:3 |      74 |       0 |   0.0 |      26 |       0 |   0.0
        D:4 |      56 |       0 |   0.0 |       6 |       0 |   0.0
            +---------+---------+-------+---------+---------+-------
